Map: Odyssey LE

Players

Couguar - Winner!

  • Race: Protoss Protoss
  • League: Grandmaster
  • Spawn Location: 5:00

NateRiver

  • Race: Zerg Zerg
  • League: Grandmaster
  • Spawn Location: 11:00

VOD

Have the link to the VOD?

Description

Time

  • Played on: June 5, 2017, 3:12 p.m.
  • Length: 8:35
Show
View Real Time Build Order
Export as new Build Order

Couguar Protoss - Winner!

Build Orders: 1 Gate Expand, Zealot Archon 

Get SALT Encoding   

  12  0:01  Probe (Chrono Boost)  
  13  0:11  Probe (Chrono Boost)  
  14  0:18  Pylon  
  14  0:23  Probe (Chrono Boost)  
  15  0:36  Probe (Chrono Boost)  
  15  0:39  Gateway  
  16  0:48  Assimilator, Probe (Chrono Boost)  
  17  0:59  Probe (Chrono Boost)  
  18  1:09  Probe (Chrono Boost)  
  19  1:20  Probe (Chrono Boost)  
  19  1:25  Nexus  
  21  1:35  Cybernetics Core  
  21  1:38  Probe (Chrono Boost)  
  21  1:42  Assimilator  
  21  1:48  Probe (Chrono Boost)  
  22  1:57  Pylon  
  22  1:59  Probe (Chrono Boost)  
  23  2:15  Stalker, Warp Gate  
  23  2:16  Probe (Chrono Boost)  
  26  2:26  Twilight Council, Probe (Chrono Boost)  
  29  2:37  Probe x2 (Chrono Boost)  
  29  2:45  Zealot  
  29  2:47  Probe (Chrono Boost)  
  29  2:50  Mothership Core (Chrono Boost)  
  34  2:58  Probe (Chrono Boost)  
  35  3:02  Robotics Facility  
  35  3:08  Probe (Chrono Boost)  
  35  3:09  Probe (Chrono Boost)  
  37  3:19  Charge, Probe (Chrono Boost)  
  39  3:20  Probe (Chrono Boost)  
  39  3:22  Gateway  
  39  3:29  Probe (Chrono Boost)  
  39  3:31  Probe (Chrono Boost)  
  39  3:33  Gateway  
  41  3:39  Gateway  
  41  3:43  Probe (Chrono Boost)  
  41  3:44  Probe (Chrono Boost)  
  43  3:49  Pylon  
  43  3:53  Warp Prism  
  45  3:58  Assimilator  
  45  4:05  Assimilator  
  45  4:09  Probe x2 (Chrono Boost)  
  47  4:21  Probe (Chrono Boost)  
  47  4:22  Probe (Chrono Boost)  
  49  4:25  Nexus  
  49  4:29  Sentry, Pylon  
  51  4:33  Probe (Chrono Boost)  
  51  4:34  Probe (Chrono Boost)  
  53  4:39  Pylon  
  53  4:44  Probe (Chrono Boost)  
  54  4:46  Pylon  
  54  4:47  Zealot x2  
  54  4:48  Probe (Chrono Boost)  
  54  4:50  Zealot  
  61  4:54  Probe (Chrono Boost)  
  63  5:00  Probe (Chrono Boost)  
  63  5:05  Probe (Chrono Boost)  
  64  5:07  Forge  
  64  5:08  Templar Archives  
  64  5:12  Gateway  
  64  5:17  Probe x2 (Chrono Boost)  
  66  5:22  Observer  
  66  5:26  Zealot  
  66  5:27  Zealot x3  
  67  5:48  Probe x2 (Chrono Boost)  
  67  5:49  Probe (Chrono Boost)  
  70  5:50  Pylon  
  70  5:51  Gateway  
  70  5:53  Zealot x4  
  78  5:59  Probe x3 (Chrono Boost)  
  81  6:09  Probe (Chrono Boost)  
  72  6:13  Protoss Ground Weapons Level 1  
  72  6:14  Probe (Chrono Boost)  
  72  6:17  Gateway  
  71  6:19  Pylon  
  71  6:21  High Templar  
  71  6:22  High Templar x3  
  79  6:30  Probe (Chrono Boost)  
  80  6:35  Gateway  
  80  6:36  Gateway  
  80  6:37  Probe (Chrono Boost)  
  80  6:38  Probe (Chrono Boost), Archon x2  
  82  6:41  Probe (Chrono Boost)  
  83  6:48  Probe (Chrono Boost)  
  83  6:50  Probe (Chrono Boost)  
  85  6:56  High Templar  
  85  6:57  High Templar x3  
  85  7:00  Assimilator  
  93  7:03  Assimilator  
  93  7:05  Gateway, Pylon  
  93  7:07  Pylon  
  93  7:08  Pylon  
  93  7:09  Archon x2  
  93  7:12  Zealot x2  
  93  7:14  Probe x2 (Chrono Boost)  
  100  7:16  Probe (Chrono Boost)  
  100  7:30  High Templar, Photon Cannon  
  100  7:31  High Templar  
  100  7:34  Zealot x5  
  100  7:35  Archon  
  114  7:43  Warp Prism  
  96  8:01  Zealot x5  
  96  8:02  Zealot x2  
  96  8:03  Zealot  
  112  8:18  Zealot  
  110  8:21  Zealot x2  
  110  8:22  Zealot  
  110  8:23  Zealot x5  
Show
View Real Time Build Order
Export as new Build Order

NateRiver Zerg 

Build Orders: Hatch First 

Get SALT Encoding   

  12  0:00  Drone  
  13  0:13  Overlord  
  13  0:16  Drone  
  14  0:32  Drone x2  
  14  0:35  Drone  
  17  0:52  Hatchery  
  17  0:55  Drone  
  17  0:58  Drone  
  18  1:09  Extractor  
  17  1:13  Spawning Pool  
  17  1:16  Drone  
  17  1:20  Drone  
  18  1:30  Drone  
  19  1:43  Overlord  
  19  1:50  Drone  
  20  2:00  Queen  
  22  2:01  Zergling x2  
  22  2:04  Queen  
  22  2:05  Drone  
  26  2:12  Metabolic Boost  
  26  2:16  Drone x2  
  28  2:26  Drone  
  28  2:27  Drone  
  30  2:33  Drone  
  30  2:36  Queen  
  33  2:38  Drone  
  34  2:49  Hatchery  
  33  2:51  Overlord  
  33  2:55  Drone  
  34  2:59  Drone x2  
  36  3:09  Zergling x6  
  36  3:10  Zergling x4  
  41  3:15  Drone x3  
  44  3:27  Overlord x2  
  44  3:36  Overlord  
  44  3:39  Spore Crawler x2  
  42  3:44  Evolution Chamber  
  40  3:51  Drone x7  
  40  3:52  Drone  
  47  3:57  Drone  
  46  4:03  Extractor  
  46  4:05  Baneling Nest, Drone x3  
  46  4:12  Drone x2  
  46  4:14  Spore Crawler  
  47  4:18  Drone  
  47  4:21  Zerg Melee Weapons Level 1  
  48  4:24  Zergling x8  
  52  4:34  Zergling x2  
  52  4:35  Zergling x8  
  52  4:37  Drone  
  58  4:42  Extractor  
  58  4:45  Overlord x2  
  57  4:50  Baneling x3  
  57  4:51  Baneling x2  
  58  4:52  Drone  
  58  4:54  Drone x3  
  58  4:57  Drone x3  
  64  5:01  Drone  
  64  5:05  Drone x5  
  70  5:08  Overlord  
  70  5:10  Overlord  
  70  5:18  Hatchery  
  70  5:21  Drone  
  70  5:27  Zergling x2  
  70  5:28  Zergling x10  
  74  5:40  Zergling x12  
  74  5:41  Zergling x4  
  75  5:47  Zergling x2  
  75  5:49  Baneling  
  74  5:50  Baneling x10  
  74  5:52  Queen  
  74  5:53  Lair  
  74  5:55  Zergling x6  
  74  5:56  Zergling x2  
  80  5:58  Zergling x2  
  79  6:15  Drone x6  
  79  6:18  Extractor  
  84  6:23  Drone x2  
  84  6:25  Overlord x3  
  86  6:26  Zergling x6  
  89  6:36  Queen, Hatchery  
  90  6:45  Zergling x12, Spore Crawler  
  90  6:46  Zergling x4  
  97  6:53  Centrifical Hooks  
  97  6:54  Hydralisk Den  
  96  6:56  Drone  
  96  6:59  Drone x6  
  103  7:01  Baneling  
  103  7:02  Baneling x5  
  103  7:05  Extractor x2  
  101  7:08  Drone x5  
  101  7:09  Drone  
  101  7:10  Drone  
  108  7:15  Drone  
  108  7:16  Drone x3  
  112  7:23  Muscular Augments  
  112  7:24  Drone x2  
  112  7:25  Extractor, Drone x4  
  117  7:32  Hydralisk  
  117  7:34  Overlord x3  
  117  7:35  Overseer  
  119  7:40  Hydralisk x3  
  119  7:43  Hydralisk  
  126  7:47  Hydralisk  
  126  7:48  Hydralisk x2  
  126  7:49  Zergling x2  
  126  7:51  Zergling x6  
  133  7:53  Zergling x2  
  133  7:58  Hydralisk x3, Zergling x2  
  115  7:59  Zergling x2  
  115  8:01  Zergling x2  
  115  8:02  Zergling x2  
  117  8:06  Hydralisk x2, Zergling x4  
  117  8:07  Zergling x2  
  119  8:14  Zergling x4  
  119  8:15  Zergling x2  
Tags
 
Add a new tag
Caveats
  • Supply blocks, unpowered buildings, or Contaminate may cause inaccurate times.
  • Supply counts are checked every 10 seconds.